General information
- name: 1v1 obs ts -clan aGG- VCK
- type: Custom game
- host: quhab
- saver: F91
map: TerenasStand
- players: 12
- length: 22:48
- speed: Fast
- version: 1.23 W3XP
- replay type: Public
» download(172 KB)
Players
team 1 (loser)

»
lvl50peasant (
gray | 149 APM | 3383 actions | 22:40)
4 Blademaster
2 Wind Walk
2 Critical Strike
3 Shadow Hunter
1 Hex
2 Healing Wave
» actions
| Assign group hotkey | 102 | |
| Basic commands | 111 | |
| Build / train | 93 | |
| ESC pressed | 1 | |
| Enter build submenu | 18 | |
| Enter hero's abilities submenu | 9 | |
| Give item / drop item | 5 | |
| Remove unit from queue | 4 | |
| Right click | 1663 | |
| Select / deselect | 589 | |
| Select group hotkey | 601 | |
| Use ability | 187 | |
3383 total
» units
| Peon | 19 | |
| Grunt | 11 | |
| Raider | 9 | |
| Spirit Walker | 9 | |
48 total
» upgrades
| Berserker Strength | 1 | |
| Ensnare | 1 | |
| Spirit Walker Training | 2 | |
| Reinforced Defenses | 1 | |
5 total
» buildings
| Altar of Storms | 1 | |
| Orc Burrow | 6 | |
| Barracks | 1 | |
| Voodoo Lounge | 1 | |
| Stronghold | 2 | |
| Beastiary | 1 | |
| Spirit Lodge | 2 | |
| Fortress | 1 | |
| Great Hall | 1 | |
| War Mill | 1 | |
17 total
» build order
00:03 Altar of Storms
00:13 Orc Burrow
00:33 Barracks
01:30 Orc Burrow
01:52 Voodoo Lounge
03:22 Stronghold
03:22 Stronghold
04:42 Orc Burrow
06:03 Beastiary
06:14 Spirit Lodge
06:29 Orc Burrow
07:51 Spirit Lodge
10:42 Fortress
12:14 Great Hall
12:40 War Mill
20:36 Orc Burrow
20:37 Orc Burrow
» items
| Dust of Appearance | 1 | |
| Circlet of Nobility | 1 | |
| Boots of Speed | 1 | |
| Healing Salve | 6 | |
| Lesser Clarity Potion | 6 | |
| Scroll of Speed | 1 | |
| Scroll of Healing | 2 | |
| Orb of Lightning | 1 | |
| Potion of Mana | 1 | |
20 total
team 2 (winner)

»
F91 (
pink | 163 APM | 3707 actions | 22:48)
5 Blood Mage
3 Flame Strike
2 Siphon Mana
2 Mountain King
1 Storm Bolt
1 Bash
» actions
| Assign group hotkey | 97 | |
| Basic commands | 189 | |
| Build / train | 87 | |
| ESC pressed | 3 | |
| Enter build submenu | 31 | |
| Enter hero's abilities submenu | 8 | |
| Give item / drop item | 2 | |
| Remove unit from queue | 4 | |
| Right click | 2025 | |
| Select / deselect | 702 | |
| Select group hotkey | 412 | |
| Use ability | 147 | |
3707 total
» units
| Peasant | 21 | |
| Priest | 6 | |
| Sorceress | 5 | |
| Spell Breaker | 3 | |
| Gryphon Rider | 3 | |
38 total
» upgrades
| Masonry | 3 | |
| Lumber Harvesting | 1 | |
| Priest Training | 2 | |
| Sorceress Training | 2 | |
| Magic Sentry | 1 | |
9 total
» buildings
| Altar of Kings | 1 | |
| Farm | 16 | |
| Lumber Mill | 1 | |
| Scout Tower | 5 | |
| Arcane Tower | 1 | |
| Keep | 2 | |
| Guard Tower | 2 | |
| Arcane Vault | 1 | |
| Arcane Sanctum | 2 | |
| Castle | 1 | |
| Town Hall | 1 | |
| Gryphon Aviary | 2 | |
35 total
» build order
00:05 Altar of Kings
00:19 Farm
00:58 Lumber Mill
01:05 Scout Tower
01:34 Arcane Tower
01:37 Farm
01:45 Farm
01:58 Scout Tower
02:43 Keep
02:44 Keep
02:59 Guard Tower
03:09 Scout Tower
03:11 Farm
03:45 Guard Tower
03:50 Arcane Vault
04:01 Farm
04:05 Farm
05:13 Arcane Sanctum
05:17 Arcane Sanctum
06:21 Farm
06:30 Farm
06:54 Castle
08:20 Farm
10:39 Farm
12:08 Farm
13:35 Town Hall
18:52 Gryphon Aviary
18:56 Farm
20:49 Farm
20:59 Scout Tower
20:59 Scout Tower
21:12 Farm
21:14 Farm
21:43 Gryphon Aviary
21:45 Farm
» items
| Boots of Speed | 1 | |
| Circlet of Nobility | 1 | |
| Staff of Teleportation | 1 | |
| Scroll of Regeneration | 4 | |
| Potion of Healing | 3 | |
| Lesser Clarity Potion | 1 | |
| Potion of Mana | 1 | |
12 total
observersquhab,
yutube,
thyevilpeanut,
Kycok_Pyc,
what.peon,
nazenaraba,
Ojae,
PRiMe.,
Tienkou,
reenoma Chat log
(00:22 / All) F91: gl hf
(00:24 / All) lvl50peasant: u2
(14:37 / All) lvl50peasant: oops
(14:42 / All) F91: oops
(14:46 / All) F91: i a clicked and my army deded
(22:36 / All) lvl50peasant: gg